[Event "Serbian-ch Semifinal 2024"]
[Site "Paracin"]
[Date "2024.02.06"]
[Round "2.1"]
[White "Ivanisevic, Ivan"]
[Black "Ratkovic, Milovan"]
[Result "0-1"]
[ECO "E51"]
[WhiteElo "2517"]
[BlackElo "2396"]
[Annotator "TA"]
[PlyCount "142"]
[EventDate "2024.02.04"]
[EventType "swiss"]
[EventCountry "SRB"]
[SourceTitle "playchess.com"]
[Source "ChessBase"]
[SourceQuality "1"]
[TimeControl "40/5400+30:1800+30"]

1. d4 d5 2. c4 e6 3. Nc3 Bb4 4. a3 Bxc3+ 5. bxc3 c6 6. e3 Nf6 7. Nf3 O-O 8. a4 Re8 9. Ba3 Nbd7 10. cxd5 exd5 11. Bd3 Nf8 12. h3 Ng6 13. O-O Ne4 14. Qc2 Qf6 15. Nh2 Nh4 16. f3 Ng3 17. Rfe1 Bxh3 18. Qf2 Bf5 19. Ng4 Qg5 20. Bd6 Ne4 21. fxe4 dxe4 (21... Bxg4 22. Bg3 Ng6 (22... dxe4 $2 23. Bxh4 Qg6 24. Bc4 $18) 23. exd5 $11) 22. Bf4 Qxg4 23. Be2 Nf3+ $1 24. Kf1 Nd2+ 25. Kg1 Qg6 $1 26. Red1 Nf3+ $1 27. Kf1 Ng5 28. Rab1 b6 29. a5 (29. d5 $15) 29... Ne6 $1 $17 (29... bxa5 30. Qg3 Ne6 31. Qxg6 hxg6 (31... Bxg6 32. Bg3 $15) 32. Bh2 $15) 30. Qh4 Nxf4 (30... bxa5 31. Bh5 Qf6 32. Qxf6 gxf6 33. Bh2 $11 (33. Rb7 Bg6 $17)) 31. Qxf4 Rab8 32. Rb2 h6 33. c4 Bd7 34. c5 (34. Rdb1 $17) 34... b5 $19 35. d5 cxd5 36. Rxd5 Qc6 $1 37. Qd6 Qxd6 38. Rxd6 Be6 39. Rxb5 Rxb5 40. Bxb5 Rb8 (40... Rc8 $1 $17 41. c6 Kf8) 41. Bd7 {[%emt 0:09:24] [#]} (41. Bc6 $15 {was preferrable.}) 41... Bxd7 $1 $17 42. Rxd7 Rc8 43. Rxa7 Rxc5 44. a6 Ra5 45. g4 {[%emt 0:06:16] [#]} (45. Re7 $17) 45... Ra2 $1 $19 46. Ke1 g6 47. Kd1 $2 (47. Kf1 {might work better.}) 47... Kg7 $19 48. Ke1 Kf6 49. Kf1 Kg5 50. Rxf7 Rxa6 (50... Kxg4 51. Rf4+ Kg3 52. Rf6 $17) 51. Ke2 Ra2+ 52. Ke1 Kxg4 53. Rf4+ Kg3 54. Rf6 Rh2 (54... Ra1+ 55. Ke2 Ra2+ 56. Kf1 $19) 55. Rxg6+ Kf3 56. Ra6 h5 57. Ra7 h4 58. Rf7+ Kxe3 59. Kf1 h3 60. Kg1 Rg2+ 61. Kh1 Rg5 62. Kh2 Kd4 63. Ra7 e3 64. Ra4+ Kd3 65. Ra3+ Ke4 66. Ra4+ Kf3 67. Ra3 Kf2 68. Ra7 e2 69. Rf7+ Ke3 70. Re7+ Kf3 71. Re8 Rg4 0-1

[Event "Serbian-ch Semifinal 2024"]
[Site "Paracin"]
[Date "2024.02.06"]
[Round "2.2"]
[White "Tadic, Stefan"]
[Black "Tilicheev, Viacheslav"]
[Result "1/2-1/2"]
[ECO "A99"]
[WhiteElo "2390"]
[BlackElo "2487"]
[Annotator "RC"]
[PlyCount "47"]
[EventDate "2024.02.04"]
[EventType "swiss"]
[EventCountry "SRB"]
[SourceTitle "playchess.com"]
[Source "ChessBase"]
[SourceQuality "1"]
[TimeControl "40/5400+30:1800+30"]

1. c4 e6 2. Nf3 f5 3. g3 Nf6 4. Bg2 Be7 5. O-O O-O 6. d4 d6 7. Nc3 Qe8 8. b3 Nc6 9. Bb2 e5 10. dxe5 dxe5 11. Nd5 Bd8 12. Ne1 Rf7 13. Nd3 e4 14. N3f4 Ne5 15. f3 c6 16. Nxf6+ Bxf6 17. Qc2 exf3 18. exf3 Re7 19. Rad1 Qf7 20. Rfe1 Bd7 21. Re2 Ree8 22. Rde1 Ng6 23. Nxg6 Qxg6 24. f4 1/2-1/2

[Event "Serbian-ch Semifinal 2024"]
[Site "Paracin"]
[Date "2024.02.06"]
[Round "2.3"]
[White "Perunovic, Miodrag"]
[Black "Nestorovic, Nikola"]
[Result "1/2-1/2"]
[ECO "E14"]
[WhiteElo "2373"]
[BlackElo "2465"]
[Annotator "TA"]
[PlyCount "46"]
[EventDate "2024.02.04"]
[EventType "swiss"]
[EventCountry "SRB"]
[SourceTitle "playchess.com"]
[Source "ChessBase"]
[SourceQuality "1"]
[TimeControl "40/5400+30:1800+30"]

1. d4 Nf6 2. Nf3 e6 3. e3 b6 4. Bd3 Bb7 5. O-O d5 6. b3 Nbd7 7. Bb2 Bd6 8. c4 O-O 9. Nc3 a6 10. Rc1 Qe7 11. Na4 Ne4 (11... dxc4 $11 12. bxc4 Rad8) 12. Qc2 (12. Ne5 $5) 12... f5 13. Ne5 (13. c5 $14 bxc5 14. Ne5) 13... Bxe5 $11 14. dxe5 {[%emt 0:00:02] [#] Black must now prevent cxd5. Black has an edge.} dxc4 15. Qxc4 Nd2 $1 16. Qxc7 {[%emt 0:00:21][%cal Oa4b6] Hoping for Nxb6!} Ra7 (16... Rab8 $1 $15) 17. Rfd1 {[%emt 0:33:35] The position is equal.} ({But not} 17. Nxb6 $2 Nf3+ 18. Kh1 Qh4 $19) 17... Qg5 {[%emt 0:03:07][%csl Gb7][%cal Rg5g2] [#]} 18. g3 $36 {[%emt 0:00:09][%mdl 2048] White has good play.} (18. Rxd2 $2 Qxg2#) 18... Nf3+ 19. Kf1 $1 Nxh2+ {[%emt 0:00:24] Excellent horsemanship.} 20. Ke1 Nf3+ $1 21. Kf1 Nh2+ 22. Ke1 Nf3+ $1 23. Kf1 Nh2+ {[%emt 0:01:49] Weighted Error Value: White=0.11 (very precise) /Black=0.07 (flawless) .  Mistake:       	White=1     	Black=1      OK:         	White=5     	Black=6      Best:        	White=2     	Black=1      Strong:       	White=1     	Black=3} 1/2-1/2

[Event "Serbian-ch Semifinal 2024"]
[Site "Paracin"]
[Date "2024.02.06"]
[Round "2.4"]
[White "Djordjevic, Vuk"]
[Black "Kovacevic, Aleksandar"]
[Result "1/2-1/2"]
[ECO "A46"]
[WhiteElo "2367"]
[BlackElo "2453"]
[Annotator "TA"]
[PlyCount "48"]
[EventDate "2024.02.04"]
[EventType "swiss"]
[EventCountry "SRB"]
[SourceTitle "playchess.com"]
[Source "ChessBase"]
[SourceQuality "1"]
[TimeControl "40/5400+30:1800+30"]

1. d4 Nf6 2. Bg5 e6 3. e4 h6 4. Bxf6 Qxf6 5. c3 c5 6. Nf3 cxd4 7. cxd4 Bb4+ 8. Nc3 O-O 9. Rc1 d6 10. a3 Ba5 11. b4 Bb6 12. Bb5 a6 13. Ba4 Ba7 14. Qd3 Nc6 15. Bxc6 bxc6 16. O-O e5 17. Na4 Bg4 (17... exd4 $11 18. Rxc6 Bb7) 18. Rxc6 $16 {[%emt 0:02:12] [#] Hoping for dxe5.} Bxf3 19. dxe5 (19. Qxf3 {simplifies} Qxf3 20. gxf3 Bxd4 21. Nb6) 19... Qxe5 20. gxf3 (20. Qxf3 $2 Qb5 21. e5 d5 $19 (21... Qxa4 $2 22. exd6 a5 23. d7 $19)) 20... Bd4 {[%emt 0:01:23] Prevents Nc3.} (20... Rfc8 $1 $14 21. Rfc1 (21. Rxd6 $2 {is the wrong capture.} Bb8 $19) (21. Rxa6 d5 $11) (21. Qxd6 Qb5 $15) 21... Qg5+ 22. Kf1 Re8) 21. f4 (21. Rxa6 $2 {perishes.} Qg5+ 22. Kh1 Be5 $17 (22... Rxa6 23. Qxa6 Be5 24. Rd1 $11)) (21. Nb6 $16 Bxb6 22. Rxb6) 21... Qxf4 $11 {[%emt 0:01:57] The position is equal.} 22. Qxd4 Qg4+ 23. Kh1 Qf3+ 24. Kg1 Qg4+ {[%emt 0:00:11] Weighted Error Value: White=0.15 (very precise) /Black=0.16 (very precise) .  Mistake:       	White=1     	Black=2      Inaccurate:     	---       	Black=1      OK:         	White=6     	Black=4      Best:        	White=1     	Black=4} 1/2-1/2

[Event "Serbian-ch Semifinal 2024"]
[Site "Paracin"]
[Date "2024.02.06"]
[Round "2.5"]
[White "Arsovic, Zoran"]
[Black "Atalik, Suat"]
[Result "1/2-1/2"]
[ECO "A14"]
[WhiteElo "2362"]
[BlackElo "2439"]
[Annotator "TA"]
[PlyCount "107"]
[EventDate "2024.02.04"]
[EventType "swiss"]
[EventCountry "SRB"]
[SourceTitle "playchess.com"]
[Source "ChessBase"]
[SourceQuality "1"]
[TimeControl "40/5400+30:1800+30"]

1. c4 e6 2. g3 d5 3. Bg2 Nf6 4. Nf3 Be7 5. O-O O-O 6. b3 b6 7. Bb2 Bb7 8. e3 c5 9. Nc3 {[%emt 0:00:39] 9.Qe2 is the hot move.} Qc8 {[%emt 0:00:18] A14: English Opening: 1...e6 with b3 by White.} 10. Qe2 Rd8 11. d3 Nc6 12. Ng5 $146 (12. cxd5 $11 Nxd5 13. Rfd1) ({Predecessor:} 12. Rfe1 Qc7 13. Rac1 dxc4 14. bxc4 Rac8 15. Nb5 Qb8 16. Red1 Qa8 17. a3 Ne8 18. h3 {½-½ Savchenko,B (2550)-Artemiev,V (2701) RUS-ch Blitz 2022 (13)}) 12... h6 (12... d4 $15 13. Nce4 Nxe4 14. Nxe4 f5) 13. Nh3 (13. Nf3 $5) 13... dxc4 (13... d4 $15 14. Nd1 e5) 14. bxc4 Nb4 15. Rad1 Bxg2 16. Kxg2 Qb7+ 17. Kg1 Rd7 18. a3 Nc6 19. f4 Rad8 20. f5 e5 21. Nf2 a6 22. a4 Na5 23. e4 Nc6 24. Nd5 b5 (24... Kh7 $142) 25. Rb1 (25. Ng4 $142) 25... b4 26. Ng4 Qb8 (26... Nxg4 $16 {was called for.} 27. Qxg4 Bf8) 27. Nxe7+ $1 $18 Rxe7 28. Nxf6+ gxf6 29. Bc1 $1 Kf8 ({Wrong is} 29... Qd6 $2 30. Bxh6 Kh7 31. Qh5 $18) 30. Bxh6+ Ke8 {[%emt 0:00:06] [#]} 31. Be3 ({White should play} 31. Bg7 $1 ) 31... Nd4 32. Bxd4 ({White should try} 32. Qd2 $16) 32... Rxd4 $11 33. Rf3 b3 {[%emt 0:02:48] [#]} (33... Qd8 $11 {remains equal.}) 34. Qb2 (34. h4 $1 $16) 34... Rb7 $14 35. Qc3 (35. h4 $14) 35... Rb4 36. Rf2 Qd8 37. Rf3 ({Of course not} 37. Rxb3 Rxb3 38. Qxb3 Rxd3 $15) 37... Qb6 38. a5 Qxa5 39. Rxb3 Qa2 (39... Qa4 $5 40. Ra3 $8 Rb1+ 41. Rf1 Rxf1+ 42. Kxf1 Qd1+ 43. Kf2 Kf8 $11) 40. Rxb4 cxb4 41. Qxb4 Qe2 42. Rf1 Qe3+ 43. Kh1 (43. Rf2 $11) 43... Rxd3 (43... Qxd3 $15 {should be considered.} 44. Qb1 Qe2) 44. Re1 $11 Qf2 45. Qb8+ Rd8 46. Qb4 a5 47. Qxa5 Rb8 (47... Rd2 $5 48. Qa8+ $8 Rd8 49. Qa4+ Kf8 50. Qa3+ Kg7 $11) 48. Qa4+ Kf8 49. Qa3+ $1 Kg7 50. Qe3 Qa2 51. Re2 Qxc4 52. Kg2 Rb3 53. Qf2 Qd3 54. Kh3 1/2-1/2

[Event "Serbian-ch Semifinal 2024"]
[Site "Paracin"]
[Date "2024.02.06"]
[Round "2.6"]
[White "Cabarkapa, Novak"]
[Black "Martic, Ivan"]
[Result "1-0"]
[ECO "B51"]
[WhiteElo "2434"]
[BlackElo "2323"]
[Annotator "TA"]
[PlyCount "95"]
[EventDate "2024.02.04"]
[EventType "swiss"]
[EventCountry "SRB"]
[SourceTitle "playchess.com"]
[Source "ChessBase"]
[SourceQuality "1"]
[TimeControl "40/5400+30:1800+30"]

1. e4 c5 2. Nf3 d6 3. Bb5+ Nd7 4. a4 Ngf6 5. Nc3 g6 6. O-O Bg7 7. Re1 O-O 8. a5 {[%emt 0:00:18] White has an edge.} a6 9. Bf1 b5 10. axb6 Bb7 11. d3 a5 12. Ra2 (12. d4 {is more complex.} e6 13. Ra3 cxd4 14. Nxd4 Ng4 15. Qxg4 Bxd4 16. Nb5) 12... Nxb6 13. Qd2 a4 14. Qf4 e5 15. Qh4 Nh5 16. Qxd8 Rfxd8 17. Nd2 Bc6 18. Nc4 Nxc4 19. dxc4 Nf4 20. Nb5 f5 21. exf5 gxf5 22. Bxf4 exf4 23. Bd3 Re8 24. Rd1 {[%emt 0:09:02] And now Nc7 would win.} Rad8 {[%emt 0:00:49] [#]} (24... Reb8 $14) 25. Rxa4 (25. f3 $142 $1) 25... Bxb2 $16 26. Ra6 Bxb5 (26... Be4 $1 $14) 27. cxb5 $18 d5 28. Bxf5 Re5 29. Bg4 $36 {[%emt 0:01:23][%mdl 2048] Keeping Black busy.} h5 {[%emt 0:01:08] [#]} (29... Rb8 {keeps fighting.} 30. Be6+ Kg7) 30. Bf3 $1 h4 31. Rg6+ Kh8 32. Rh6+ Kg7 33. Rxh4 Rde8 34. Rg4+ (34. Bxd5 $2 Re1+ 35. Rxe1 Rxe1#) 34... Kh6 {[%emt 0:00:28] ( -> ...Re1+)} 35. h4 (35. Rxd5 $2 Re1#) 35... Bd4 36. Kh2 (36. Rxf4 Re1+ 37. Rxe1 Rxe1+ 38. Kh2 Be5 $11) 36... Re1 $2 {[%emt 0:01:10] [#]} (36... Rb8 {was called for.} 37. Rxf4 Rxb5) 37. Rxd4 $1 cxd4 38. Rxf4 {[%emt 0:00:06][%mdl 4096] Endgame. KRR-KRB} (38. Bxd5 R1e2 39. Rxf4 Rxc2 $11) 38... Rb1 $2 (38... Rc1 39. Rf6+ (39. Bxd5 Rxc2 40. b6 Rb2 $16) 39... Kg7) 39. Rxd4 Rxb5 40. Bxd5 {[%emt 0:00:13] Bc6 is the strong threat.} ({Less strong is} 40. Rxd5 Rxd5 41. Bxd5 Re2 $18) 40... Rb1 41. c4 {[%emt 0:31:02] Rf4 would now be deadly.} Rc1 $2 (41... Rb2 42. Kg3 Rb4) 42. Rf4 Re2 43. g4 Rcc2 44. g5+ {[%emt 0:00:12] White mates.} Kg7 45. Kg3 Rc3+ 46. Kg4 Rcc2 47. Rf7+ Kh8 48. g6 {[%emt 0:00:00] Weighted Error Value: White=0.19 (very precise) /Black=0.48.  Mistake:       	White=1     	Black=6      Inaccurate:     	White=4     	Black=2      OK:         	White=11    	Black=12     Best:        	White=4     	Black=2      Strong:       	White=1     	---} 1-0

[Event "Serbian-ch Semifinal 2024"]
[Site "Paracin"]
[Date "2024.02.06"]
[Round "2.7"]
[White "Gagic, Miroljub"]
[Black "Radovanovic, Nikola"]
[Result "0-1"]
[ECO "A49"]
[WhiteElo "1596"]
[BlackElo "2446"]
[Annotator "TA"]
[PlyCount "54"]
[EventDate "2024.02.04"]
[EventType "swiss"]
[EventCountry "SRB"]
[SourceTitle "playchess.com"]
[Source "ChessBase"]
[SourceQuality "1"]
[TimeControl "40/5400+30:1800+30"]

1. Nf3 g6 2. d4 Nf6 3. g3 Bg7 4. Bg2 O-O 5. O-O d6 6. b3 b5 7. Bb2 Bb7 8. Nbd2 Nbd7 9. c4 bxc4 10. Nxc4 a5 11. a4 {[%emt 0:00:00] The position is equal.} c5 12. e3 Ra6 13. Re1 Qa8 14. Ncd2 Rb8 15. Rc1 Ne4 {[%emt 0:15:07] [#] aiming for ...Nxd2.} 16. Bf1 Ra7 17. Nxe4 Bxe4 18. Nd2 Bc6 19. Qc2 Rc7 20. Bc3 cxd4 21. exd4 Nf6 22. Qd3 Nd5 23. Ba1 Nb4 24. Qe2 Rbc8 {[%emt 0:00:21][%cal Oc6f3] Black is more active.} 25. Nc4 Qa7 {[%emt 0:00:44][%cal Oc6a8] Inhibits Nb6.} 26. Qd2 Ba8 {[%emt 0:00:37] And now ...Qb7 would win.} 27. Bc3 $2 {[%emt 0:00:32] [#]} (27. Bg2 $11 {and White is okay.}) 27... Qb7 $1 {[%emt 0:02:45] Weighted Error Value: White=0.24 (precise) /Black=0.09 (flawless) .  Loses game:     	White=1     	---        Inaccurate:     	White=3     	Black=4      OK:         	White=5     	Black=9      Strong:       	---       	Black=1} 0-1

[Event "Serbian-ch Semifinal 2024"]
[Site "Paracin"]
[Date "2024.02.06"]
[Round "2.8"]
[White "Pap, Misa"]
[Black "Jocev, Milan"]
[Result "1-0"]
[ECO "C84"]
[WhiteElo "2422"]
[BlackElo "2376"]
[Annotator "TA"]
[PlyCount "73"]
[EventDate "2024.02.04"]
[EventType "swiss"]
[EventCountry "SRB"]
[SourceTitle "playchess.com"]
[Source "ChessBase"]
[SourceQuality "1"]
[TimeControl "40/5400+30:1800+30"]

1. e4 e5 2. Nf3 Nc6 3. Bb5 a6 4. Ba4 Nf6 5. O-O Be7 6. d3 b5 7. Bb3 d6 8. a4 Bd7 9. a5 O-O 10. Nbd2 h6 11. Re1 {[%emt 0:03:56] The position is equal.} Re8 12. c3 Bf8 13. Nf1 Ne7 14. d4 Ng6 15. Ng3 Qc8 16. Bc2 c5 17. h3 {[%emt 0:11:40] Dodges Bg4} Qb7 (17... cxd4 $11 18. cxd4 exd4) 18. Be3 Rad8 19. d5 Qc8 20. Qd2 Kh8 21. Kh2 Ng8 22. b4 Qa8 23. Rad1 (23. c4 $16) 23... Rc8 24. bxc5 dxc5 25. Nf5 Qb8 (25... Nf6 {feels hotter.} 26. Bxh6 gxh6 27. Nxh6 Kh7) 26. g4 Qc7 {[%emt 0:02:43] [#]} (26... Nf6 $11 {keeps the balance.}) 27. h4 {[%emt 0:01:19] White has more active pieces.} (27. d6 $1 $16 Qxa5 28. g5) 27... Nf6 $11 28. Rg1 {[%emt 0:00:47] Threatens to win with h5.} Rcd8 $1 29. Kh1 (29. c4 $5) 29... h5 30. Ng5 $36 {[%emt 0:02:20][%mdl 2048] White is pushing.} Bc8 ({Better is} 30... Kg8 $11) 31. f3 hxg4 {[%emt 0:00:42] [#] ...Bxf5 would now be deadly.} 32. fxg4 Bb7 $2 {[%emt 0:00:35] This costs Black the game.} (32... Kg8 $16) 33. c4 {[%emt 0:00:37] h5 is the strong threat.} bxc4 (33... Rd7 {was necessary.} 34. Kh2 Kg8) 34. d6 $18 Qd7 35. Qe2 (35. Bxc5 Rc8 36. Ba3 Kg8 $11) 35... Nf4 $2 (35... Nh7 {was worth a try.} 36. Qxc4 (36. Bxc5 Nf4 $11) (36. Nxh7 Kxh7 37. Qxc4 Nf4 $16) 36... Nxg5) 36. Qxc4 Re6 37. Ba4 {[%emt 0:00:36] Weighted Error Value: White=0.19 (very precise) /Black=0.50.  Loses game:     	---       	Black=1      Mistake:       	White=2     	Black=5      Inaccurate:     	White=5     	Black=3      OK:         	White=10    	Black=4      Best:        	White=1     	---        Strong:       	---       	Black=1} 1-0

[Event "Serbian-ch Semifinal 2024"]
[Site "Paracin"]
[Date "2024.02.06"]
[Round "2.9"]
[White "Bryakin, Mikhail"]
[Black "Cuzovic, Ognjen"]
[Result "1-0"]
[ECO "D31"]
[WhiteElo "2479"]
[BlackElo "2068"]
[Annotator "TA"]
[PlyCount "131"]
[EventDate "2024.02.04"]
[EventType "swiss"]
[EventCountry "SRB"]
[SourceTitle "playchess.com"]
[Source "ChessBase"]
[SourceQuality "1"]
[TimeControl "40/5400+30:1800+30"]

1. c4 Nf6 2. Nc3 e6 3. d4 d5 4. cxd5 exd5 5. Bf4 Bd6 6. Bxd6 Qxd6 7. e3 c6 8. Bd3 O-O {[%emt 0:01:48] D31: Queen's Gambit Declined: Semi-Slav without ...Nf6 (+ Marshall Gambit and Noteboom) and Exchange Variation lines without ...Nf6.} 9. h3 Nbd7 10. Nf3 Re8 11. Qc2 b6 12. O-O Bb7 $146 ({Predecessor:} 12... c5 13. b3 Bb7 14. Rfd1 Rac8 15. Rac1 Ne4 16. Bxe4 dxe4 17. dxc5 Qe7 18. Ne1 Rxc5 {0-1 Sosovickova,J (1512)-Vozarova,A (1619) SVK-ch U14 Girls 2018 (4)}) 13. Rab1 c5 14. Nb5 Qc6 15. dxc5 bxc5 16. b4 a6 $1 17. Na3 c4 18. Bf5 Ne5 19. Nd4 Qd6 20. Qe2 (20. Qc3 $15) 20... Nc6 21. Qd2 Qe5 22. Bc2 Nxd4 23. exd4 Qe2 (23... Qd6 $17 24. Rbd1 Reb8) 24. Qxe2 $15 Rxe2 25. Rfe1 Rae8 26. Kf1 Rd2 27. Rbd1 Rxd1 28. Rxd1 Bc6 29. Nb1 Rb8 30. a3 Ne8 31. Nc3 Nc7 32. Ra1 Kf8 33. Ke1 Ke7 34. Kd2 Kd6 35. h4 g6 36. h5 Nb5 37. Ne2 Bd7 38. h6 Nc7 39. f3 f5 40. f4 Nb5 41. Ba4 Nxd4 42. Nxd4 Bxa4 43. Re1 Re8 44. Rxe8 Bxe8 45. Kc3 Bf7 46. Nf3 Kc7 47. Kd4 Kd6 48. Ne5 Bg8 $2 ({Black should play} 48... Be8 $11) 49. a4 Kc7 {[%emt 0:03:21] [#]} 50. Kc3 $2 (50. g3 $1 $16) 50... Kd6 $18 51. Kd4 Kc7 {[%emt 0:00:06] [#]} 52. g4 $1 Kd6 53. g5 Kc7 54. Kc5 Kc8 (54... c3 $142 55. Kd4 c2) 55. Nc6 $2 (55. Nf3) 55... Kc7 $18 56. b5 axb5 57. axb5 $2 ({White must play} 57. Kxb5 $18 Bf7 (57... c3 $2 58. Nd4 $18) 58. Kc5) 57... Kb7 $11 58. Na5+ Kc8 59. Nc6 Kb7 60. Nd4 Kc7 $1 61. b6+ Kb7 62. Nb5 Kb8 $2 (62... Be6 $11) 63. Kc6 Bf7 64. Nc7 Be8+ 65. Nxe8 c3 66. Nc7 (66. Kxd5 $2 {loses.} c2 67. Ke6 c1=Q $19 (67... c1=R $2 {too greedy.} 68. Nf6 $18)) 1-0

[Event "Serbian-ch Semifinal 2024"]
[Site "Paracin"]
[Date "2024.02.06"]
[Round "2.9"]
[White "Pukshansky, Mikhail B"]
[Black "Cuzovic, Ognjen"]
[Result "*"]
[ECO "D31"]
[WhiteElo "2405"]
[BlackElo "2068"]
[Annotator "RC"]
[PlyCount "97"]
[EventDate "2024.02.04"]
[EventType "swiss"]
[EventCountry "SRB"]
[SourceTitle "playchess.com"]
[Source "ChessBase"]
[SourceQuality "1"]
[TimeControl "40/5400+30:1800+30"]

1. c4 Nf6 2. Nc3 e6 3. d4 d5 4. cxd5 exd5 5. Bf4 Bd6 6. Bxd6 Qxd6 7. e3 c6 8. Bd3 O-O 9. h3 Nbd7 10. Nf3 Re8 11. Qc2 b6 12. O-O Bb7 13. Rab1 c5 14. Nb5 Qc6 15. dxc5 bxc5 16. b4 a6 17. Na3 c4 18. Bf5 Ne5 19. Nd4 Qd6 20. Qe2 Nc6 21. Qd2 Qe5 22. Bc2 Nxd4 23. exd4 Qe2 24. Qxe2 Rxe2 25. Rfe1 Rae8 26. Kf1 Rd2 27. Rbd1 Rxd1 28. Rxd1 Bc6 29. Nb1 Rb8 30. a3 Ne8 31. Nc3 Nc7 32. Ra1 Kf8 33. Ke1 Ke7 34. Kd2 Kd6 35. h4 g6 36. h5 Nb5 37. Ne2 Bd7 38. h6 Nc7 39. f3 f5 40. f4 Nb5 41. Ba4 Nxd4 42. Nxd4 Bxa4 43. Re1 Re8 44. Rxe8 Bxe8 45. Kc3 Bf7 46. Nf3 Kc7 47. Kd4 Kd6 48. Ne5 Bg8 49. a4 *

[Event "Serbian-ch Semifinal 2024"]
[Site "Paracin"]
[Date "2024.02.06"]
[Round "2.10"]
[White "Sedlak, Nikola"]
[Black "Ivanovic, Marko"]
[Result "1/2-1/2"]
[ECO "D03"]
[WhiteElo "2463"]
[BlackElo "2245"]
[Annotator "RC"]
[PlyCount "66"]
[EventDate "2024.02.04"]
[EventType "swiss"]
[EventCountry "SRB"]
[SourceTitle "playchess.com"]
[Source "ChessBase"]
[SourceQuality "1"]
[TimeControl "40/5400+30:1800+30"]

1. d4 Nf6 2. Nf3 d5 3. c3 e6 4. Bg5 h6 5. Bxf6 Qxf6 6. Nbd2 c5 7. e3 Nc6 8. Bb5 cxd4 9. exd4 Bd6 10. O-O O-O 11. Qe2 a6 12. Bd3 e5 13. Nxe5 Nxe5 14. dxe5 Qxe5 15. Qxe5 Bxe5 16. Nf3 Bf6 17. Rfe1 Bd7 18. Bc2 Rfe8 19. Bb3 Bc6 20. Red1 Re2 21. Rab1 Rd8 22. Kf1 Re4 23. Bc2 Rf4 24. Ne1 Be7 25. g3 Rf6 26. Rd2 d4 27. Rbd1 Rfd6 28. c4 a5 29. Nd3 Bf3 30. c5 Rd5 31. h4 Bxd1 32. Bxd1 g6 33. a3 Rxc5 1/2-1/2

[Event "Serbian-ch Semifinal 2024"]
[Site "Paracin"]
[Date "2024.02.06"]
[Round "2.11"]
[White "Injac, Teodora"]
[Black "Ravic, Nenad"]
[Result "1-0"]
[ECO "A26"]
[WhiteElo "2439"]
[BlackElo "2202"]
[Annotator "TA"]
[PlyCount "69"]
[EventDate "2024.02.04"]
[EventType "swiss"]
[EventCountry "SRB"]
[SourceTitle "playchess.com"]
[Source "ChessBase"]
[SourceQuality "1"]
[TimeControl "40/5400+30:1800+30"]

1. c4 Nf6 2. Nc3 g6 3. g3 Bg7 4. Bg2 O-O 5. d3 d6 6. Rb1 a5 7. Nf3 Nc6 8. O-O e5 9. b3 Re8 10. e4 Bg4 11. h3 Bxf3 {[%emt 0:00:04] The position is equal.} 12. Bxf3 Nd4 13. Bg2 Nd7 14. Ne2 Nxe2+ 15. Qxe2 Nc5 16. Be3 Ne6 17. Qd2 Qd7 18. h4 Nd4 19. Bxd4 exd4 20. Kh2 c5 21. Bh3 Qc7 22. f4 $36 {[%emt 0:06:50][%mdl 2048] White has some pressure.} h5 23. a4 Kh7 24. Rf3 Re7 (24... Bh6 $14) 25. Qg2 Qb6 ({Black should play} 25... Rh8 $14) 26. g4 $16 hxg4 27. Qxg4 {[%emt 0:00:05] Threatens to win with h5.} Qb4 $2 {[%emt 0:01:17] This costs Black the game.} (27... Rg8 $16 {is more resistant.} 28. h5 Qd8) 28. Rg1 $18 Bf6 {[%emt 0:11:29] [#]} (28... Kg8 $142 29. Qg5 Qd2+ 30. Kh1 Kf8) 29. e5 $1 dxe5 30. f5 Rg8 31. Qe4 Qb6 32. fxg6+ fxg6 {[%emt 0:00:04] Black is weak on the light squares} 33. h5 Bh8 34. hxg6+ Kg7 35. Qh4 {[%emt 0:00:15] Weighted Error Value: White=0.08 (flawless) /Black=0.64.  Loses game:     	---       	Black=1      Mistake:       	---       	Black=3      Inaccurate:     	White=1     	Black=1      OK:         	White=11    	Black=6} 1-0

[Event "Serbian-ch Semifinal 2024"]
[Site "Paracin"]
[Date "2024.02.06"]
[Round "3.1"]
[White "Ratkovic, Milovan"]
[Black "Cabarkapa, Novak"]
[Result "1/2-1/2"]
[ECO "D14"]
[WhiteElo "2396"]
[BlackElo "2434"]
[Annotator "TA"]
[PlyCount "22"]
[EventDate "2024.02.04"]
[EventType "swiss"]
[EventCountry "SRB"]
[SourceTitle "playchess.com"]
[Source "ChessBase"]
[SourceQuality "1"]
[TimeControl "40/5400+30:1800+30"]

1. d4 d5 2. c4 c6 3. Nc3 Nf6 4. cxd5 cxd5 5. Bf4 Nc6 6. e3 Bf5 7. Bd3 Bxd3 8. Qxd3 e6 9. Nf3 Bd6 {[%emt 0:00:03] The position is equal.} 10. Bxd6 Qxd6 11. O-O O-O {[%emt 0:00:03] An uneventful encounter.   OK:         	White=1     	Black=1} 1/2-1/2